Map: Automaton LE

Players

GCUGreyArea - Winner!

  • Race: Zerg Zerg
  • League: Diamond
  • Spawn Location: 9:00

skeith

  • Race: Protoss Protoss
  • League: Diamond
  • Spawn Location: 3:00

VOD

Have the link to the VOD?

Description

Investment banking, disruptor trauma and move commands.

Time

  • Played on: March 25, 2019, 11:23 p.m.
  • Length: 18:28
Show
View Real Time Build Order
Export as new Build Order

GCUGreyArea Zerg - Winner!

Build Orders: Hatch First, Brood Lord Corruptor, Roach Hydra 

Get SALT Encoding   

  12  0:02  Drone  
  13  0:12  Overlord  
  13  0:18  Drone  
  14  0:31  Drone x2  
  16  0:51  Hatchery  
  16  0:53  Drone  
  16  0:57  Drone  
  17  1:05  Drone  
  18  1:12  Extractor  
  17  1:19  Spawning Pool  
  17  1:20  Drone  
  17  1:23  Drone  
  18  1:28  Drone  
  19  1:44  Drone  
  20  1:51  Overlord  
  20  2:05  Queen  
  20  2:06  Queen  
  20  2:07  Zergling x4  
  26  2:13  Drone  
  26  2:14  Drone  
  28  2:24  Drone  
  28  2:25  Drone  
  28  2:27  Metabolic Boost  
  30  2:46  Hatchery  
  29  2:51  Drone x2  
  29  2:52  Drone x2  
  29  2:57  Queen  
  35  3:19  Drone  
  36  3:20  Overlord x2  
  36  3:25  Lair  
  36  3:28  Roach Warren  
  36  3:29  Drone  
  36  3:32  Overlord  
  36  3:39  Drone x5  
  41  3:45  Drone x2  
  43  4:08  Roach  
  43  4:09  Roach  
  47  4:10  Drone x5  
  47  4:11  Drone  
  47  4:16  Overlord  
  53  4:29  Extractor  
  53  4:30  Extractor  
  51  4:36  Drone  
  51  4:37  Drone x5  
  57  5:02  Glial Reconstitution  
  57  5:05  Evolution Chamber, Drone x3  
  60  5:07  Drone x6  
  60  5:08  Drone x5  
  70  5:16  Queen  
  70  5:20  Roach  
  74  5:24  Hatchery  
  74  5:25  Overlord x3  
  73  5:31  Zerg Missile Weapons Level 1  
  73  5:34  Drone  
  74  5:38  Extractor  
  74  5:39  Extractor  
  74  5:40  Overseer  
  74  5:41  Pneumatized Carapace  
  72  5:43  Drone x2  
  72  5:44  Drone x4  
  72  5:45  Drone x2  
  72  5:49  Drone x4  
  84  5:53  Roach x5  
  94  5:57  Roach  
  94  6:00  Ravager  
  94  6:01  Overlord x2  
  96  6:15  Overlord  
  96  6:20  Roach x2  
  96  6:21  Roach x5  
  110  6:45  Roach x8  
  126  6:48  Overlord x3  
  126  6:52  Hydralisk Den  
  125  7:06  Overlord x3  
  125  7:08  Roach x9  
  143  7:29  Drone x2  
  145  7:31  Hydralisk x9  
  145  7:36  Grooved Spines  
  163  7:43  Drone x3  
  166  7:44  Extractor  
  166  7:47  Zerg Missile Weapons Level 2  
  166  7:49  Hydralisk  
  167  7:52  Roach  
  167  7:55  Extractor, Drone x5  
  167  7:56  Extractor, Overlord  
  167  7:57  Overlord x2  
  172  8:07  Hydralisk  
  172  8:10  Overlord x3  
  174  8:16  Overseer  
  174  8:27  Hydralisk x8  
  190  8:39  Hatchery  
  189  8:47  Muscular Augments  
  189  8:52  Drone x3  
  189  8:53  Drone x3  
  189  8:54  Hydralisk  
  189  8:55  Hydralisk  
  199  9:20  Spire  
  198  9:26  Infestation Pit  
  197  10:31  Hive  
  187  11:14  Roach  
  187  11:15  Roach x6  
  195  11:30  Extractor  
  194  11:33  Extractor  
  193  12:02  Viper x2  
  199  12:30  Greater Spire  
  129  13:36  Corruptor x3  
  129  13:37  Corruptor x13  
  129  13:41  Hydralisk x13  
  124  13:42  Hydralisk x5  
  124  13:44  Corruptor x12  
  124  13:45  Corruptor x6  
  191  14:00  Hydralisk x4  
  197  14:04  Overlord x3  
  197  14:05  Overlord  
  163  14:39  Brood Lord x2  
  163  14:40  Brood Lord x7  
  135  14:53  Zergling x38  
  145  15:19  Zerg Melee Weapons Level 1  
  128  15:39  Zergling x2  
  128  15:40  Zergling x16  
  125  15:49  Hatchery  
  124  15:58  Zergling x6  
  127  16:05  Hatchery  
  127  16:06  Drone x3  
  129  16:15  Corruptor x5  
  139  16:39  Corruptor x9  
  153  16:42  Brood Lord x3  
  153  16:43  Brood Lord  
  161  17:10  Corruptor x4  
  163  17:34  Zergling x18  
  163  17:35  Zergling x20  
  174  17:44  Brood Lord x2  
  174  17:48  Zergling x10  
Show
View Real Time Build Order
Export as new Build Order

skeith Protoss 

Build Orders: 1 Gate Expand, Forge Fast Expand (FFE), Carriers 

Get SALT Encoding   

  1  0:00  Probe  
  12  0:05  Probe  
  14  0:15  Probe  
  15  0:32  Pylon  
  15  0:50  Probe  
  15  0:51  Gateway  
  15  0:54  Forge  
  16  1:02  Probe  
  17  1:26  Nexus  
  17  1:30  Probe  
  18  1:43  Cybernetics Core  
  18  1:45  Zealot  
  20  1:56  Gateway  
  20  2:01  Assimilator  
  20  2:07  Assimilator  
  20  2:13  Pylon  
  20  2:25  Probe, Photon Cannon  
  21  2:33  Probe  
  21  2:35  Probe  
  21  2:42  Probe  
  21  2:44  Probe  
  23  2:50  Probe  
  25  2:53  Probe  
  25  2:58  Probe  
  28  3:05  Probe  
  28  3:09  Probe, Assimilator  
  28  3:10  Sentry  
  32  3:17  Probe  
  32  3:20  Pylon  
  32  3:22  Warp Gate  
  32  3:25  Probe  
  32  3:26  Probe  
  35  3:37  Pylon, Probe  
  35  3:38  Probe  
  35  3:39  Sentry  
  39  3:44  Assimilator  
  39  3:49  Probe  
  39  3:50  Probe, Sentry  
  43  4:01  Probe  
  43  4:02  Probe  
  45  4:05  Robotics Facility  
  45  4:09  Gateway  
  45  4:13  Probe  
  45  4:14  Probe  
  47  4:19  Gateway  
  47  4:29  Gateway  
  47  4:33  Gateway  
  47  4:37  Gateway  
  47  4:42  Pylon  
  47  4:43  Probe  
  47  4:44  Probe  
  49  4:52  Immortal  
  49  4:55  Probe  
  49  4:56  Probe  
  55  5:09  Pylon  
  55  5:11  Robotics Bay  
  55  5:18  Probe x2  
  55  5:19  Sentry x2  
  61  5:24  Immortal  
  61  5:30  Pylon  
  65  5:41  Probe x2  
  67  5:47  Zealot x4  
  67  5:49  Zealot  
  77  6:10  Zealot  
  79  6:11  Observer  
  79  6:16  Nexus  
  80  6:19  Pylon  
  80  6:20  Pylon  
  80  6:24  Disruptor  
  80  6:25  Robotics Facility  
  80  6:29  Gateway  
  83  6:40  Photon Cannon  
  83  6:43  Photon Cannon  
  83  6:44  Shield Battery x2  
  83  6:47  Shield Battery  
  83  6:54  Disruptor  
  86  7:02  Photon Cannon  
  86  7:04  Pylon  
  86  7:14  Zealot  
  88  7:18  Disruptor x2  
  88  7:19  Pylon  
  88  7:32  Probe  
  95  7:39  Pylon  
  95  7:40  Probe  
  95  7:41  Colossus  
  95  7:42  Assimilator  
  95  7:43  Zealot, Colossus  
  97  7:47  Assimilator  
  97  7:50  Probe  
  98  7:58  Robotics Facility  
  111  8:01  Probe  
  111  8:02  Probe x2  
  114  8:09  Probe  
  114  8:17  Probe  
  114  8:18  Twilight Council  
  116  8:29  Probe, Immortal x2  
  117  8:34  Pylon  
  117  8:39  Probe x2  
  127  8:42  Probe  
  128  8:51  Probe  
  128  8:52  Probe  
  128  8:54  Probe  
  131  8:59  Stargate x2  
  131  9:00  Colossus  
  131  9:02  Stargate  
  131  9:04  Stargate  
  131  9:05  Pylon  
  131  9:14  Colossus  
  141  9:48  Pylon  
  141  9:53  Pylon  
  141  9:54  Fleet Beacon  
  141  10:03  Templar Archives  
  141  10:10  Shield Battery  
  141  10:11  Photon Cannon  
  141  10:12  Shield Battery, Photon Cannon  
  141  10:15  Pylon  
  141  10:20  Carrier x2  
  141  10:27  Carrier  
  141  10:28  Carrier  
  165  10:54  Zealot x5  
  172  10:57  Protoss Air Weapons Level 1  
  161  11:07  Zealot x3  
  165  11:16  Photon Cannon  
  165  11:17  Shield Battery  
  163  11:28  Photon Cannon  
  163  11:32  Photon Cannon  
  163  11:33  Shield Battery  
  163  11:34  Shield Battery  
  163  11:37  Probe x2  
  163  11:38  Probe  
  166  11:42  Carrier, Pylon  
  166  11:46  Pylon, Photon Cannon  
  172  12:02  Protoss Ground Weapons Level 1  
  172  12:14  Carrier  
  172  12:17  Carrier  
  172  12:27  Carrier  
  190  12:44  Photon Cannon x2  
  190  12:45  Shield Battery  
  190  12:48  Shield Battery  
  190  13:00  Protoss Air Weapons Level 2  
  190  13:01  Photon Cannon  
  190  13:03  Photon Cannon  
  190  13:04  Shield Battery x2  
  190  13:24  Zealot x3  
  188  14:13  Nexus  
  188  14:16  Pylon  
  188  14:17  Pylon  
  182  14:18  Pylon  
  95  14:59  Zealot x6  
  107  15:00  Zealot x2  
  107  15:05  Photon Cannon  
  111  15:08  Photon Cannon  
  111  15:10  Photon Cannon x2  
  111  15:13  Shield Battery  
  111  15:15  Shield Battery  
  111  15:17  Shield Battery  
  91  15:32  Stalker x5  
  91  15:33  Stalker x3  
  100  15:41  Nexus  
  90  15:58  High Templar  
  90  15:59  High Templar x3  
  90  16:00  High Templar x3  
  90  16:01  High Templar  
  90  16:03  Archon x2  
  90  16:04  Archon  
  106  16:05  Archon  
  106  16:21  Tempest  
  106  16:29  Photon Cannon  
  106  16:30  Assimilator, Photon Cannon  
  106  16:32  Shield Battery x2  
  111  16:33  Tempest  
  111  16:35  Shield Battery  
  111  16:38  Tempest  
  89  17:31  Stalker  
  89  17:32  Stalker x7  
  63  17:56  Stalker  
  63  17:58  Stalker x4  
  57  17:59  Stalker x3  
  47  18:22  High Templar  
  47  18:23  High Templar x5  
Tags
 
Add a new tag
Caveats
  • Supply blocks, unpowered buildings, or Contaminate may cause inaccurate times.
  • Supply counts are checked every 10 seconds.